 Dungeon Crawl Stone Soup version 0.29-a0-802-g34511f41fd (webtiles) character file.

Game seed: 4599319859783399447

107 avis the Chiller (level 4, -1/38 HPs)
             Began as a Demigod Ice Elementalist on July 3, 2022.
             Slain by Grinder (7 damage)
             ... on level 2 of the Dungeon.
             The game lasted 00:17:10 (3488 turns).

avis the Chiller (Demigod Ice Elementalist)         Turns: 3488, Time: 00:17:12

Health: -1/38      AC:  8    Str: 15    XL:     4   Next: 31%
Magic:  7/10       EV: 12    Int: 17    God:
Gold:   93         SH:  0    Dex: 18    Spells: 3/7 levels left

rFire   . . .      SeeInvis .   a - +0 spear (venom)
rCold   . . .      Faith    .   (no shield)
rNeg    . . .      Spirit   .   o - +0 robe
rPois   .          Reflect  .   (no helmet)
rElec   .          Harm     .   (no cloak)
rCorr   .          Rampage  .   (no gloves)
Will    .....                   (no boots)
Stlth   ++........              (no amulet)
HPRegen 0.12/turn               i - +6 ring of strength
MPRegen 0.12/turn               (no ring)

@: ice-armoured, studying Shields
A: high MP 1, forlorn, divine attributes
a: no special abilities


You were on level 2 of the Dungeon.
You visited 1 branch of the dungeon, and saw 3 of its levels.

You collected 93 gold pieces.

Inventory:

Hand Weapons
 a - a +0 spear of venom (weapon)
 f - a +0 short sword
Armour
 o - a +0 robe (worn)
Magical Staves
 j - a staff of fire
Jewellery
 i - a +6 ring of strength (left hand)
 l - a ring of flight
Scrolls
 c - 4 scrolls of identify {unknown}
 d - a scroll of vulnerability {unknown}
 e - a scroll of teleportation {unknown}
 g - a scroll of poison {unknown}
 m - a scroll of noise {unknown}
 n - 2 scrolls of enchant armour {unknown}
 p - a scroll of fear {unknown}
Potions
 b - a potion of magic
 h - 2 potions of berserk rage {unknown}
 k - a potion of might
 q - a potion of curing


   Skills:
 - Level 3.0 Fighting
 - Level 1.7 Dodging
 - Level 1.7 Stealth
 * Level 2.4 Spellcasting
 - Level 4.0 Ice Magic


You had 3 spell levels left.
You knew the following spells:

 Your Spells              Type           Power      Damage    Failure   Level
a - Freeze                Ice            60%        1d8       3%          1
o - Ozocubu's Armour      Ice            15%        N/A       11%         3

Your spell library contained the following spells:

 Spells                   Type           Power      Damage    Failure   Level
 Frozen Ramparts          Ice            30%        1d5       11%         3
 Summon Small Mammal      Summ           8%         N/A       19%         1
 Call Canine Familiar     Summ           2%         N/A       50%         3
 Summon Guardian Golem    Hex/Summ       2%         N/A       50%         3
 Hailstorm                Conj/Ice       8%         3d4       63%         4


Dungeon Overview and Level Annotations

Branches:
Dungeon (3/15)

Annotations:
D:2 Grinder


Innate Abilities, Weirdness & Mutations

You have an increased reservoir of magic. (+10% MP)
You shall have no god before yourself.
Your divine heritage dramatically boosts your attributes as you level up.


Message History

Reach: a) +0 spear (venom)
Press: ? - help, Dir - move target, f - Grinder
Aim: Grinder (about 39% to evade your +0 spear of venom)
You hit Grinder.
Grinder is lightly wounded.
Grinder hits you.
You writhe in agony.
Reach: a) +0 spear (venom)
Press: ? - help, Dir - move target, f/p - Grinder
Aim: Grinder (lightly wounded, about 39% to evade your +0 spear of venom)
You hit Grinder but do no damage.
Grinder is lightly wounded.
Grinder hits you.
Reach: a) +0 spear (venom)
Press: ? - help, Dir - move target, f/p - Grinder
Aim: Grinder (lightly wounded, about 39% to evade your +0 spear of venom)
You barely miss Grinder.
Grinder is lightly wounded.
Grinder closely misses you. Grinder gestures at you.
You resist with significant effort.
Reach: a) +0 spear (venom)
Press: ? - help, Dir - move target, f/p - Grinder
Aim: Grinder (lightly wounded, about 39% to evade your +0 spear of venom)
You hit Grinder.
Grinder is lightly wounded.
Grinder barely misses you.
Reach: a) +0 spear (venom)
Press: ? - help, Dir - move target, f/p - Grinder
Aim: Grinder (lightly wounded, about 39% to evade your +0 spear of venom)
You hit Grinder.
Grinder is poisoned.
Grinder is lightly wounded.
Grinder hits you!
* * * LOW HITPOINT WARNING * * *
Reach: a) +0 spear (venom)
Press: ? - help, Dir - move target, f/p - Grinder
Aim: Grinder (lightly wounded, very poisoned, about 39% to evade your +0 spear of venom)
You hit Grinder.
Grinder looks as sick as possible!
Grinder is moderately wounded.
Grinder hits you!
You die...

..####..........#.....# #.#
..# #..........#.....# #.#
..# #......>...#.....# #.#
..####..........#.....# #.#
.............#'##.....# #.#
.............#.##.....# #.#
.............#.######## #.#
............##'####.# #.#
...............5@##.# #.#
.....##.............# #.#
.....##.............# #.#
#######.............#### #.#
#............#.....# #[#
#............#.....#######.#
#........#'###.....##...##.#
#........#.#
#.....##.#.##.##
#........#.#
#...............


You could see Grinder (extremely poisoned).

Vanquished Creatures
  5 gnolls (D:2)
  A worm (D:2)
  2 dart slugs
  An orc (D:3)
  2 endoplasms
  A giant cockroach (D:1)
  4 goblins
  3 hobgoblins
  10 jackals (D:2)
  3 kobolds (D:1)
  2 quokkas (D:2)
  2 ball pythons (D:2)
  6 bats
  3 frilled lizards
  3 rats
  A bush (D:1)
49 creatures vanquished.

Vanquished Creatures (others)
  A plant (D:1)
1 creature vanquished.

Grand Total: 50 creatures vanquished

Notes
Turn   | Place    | Note
-------+----------+-------------------------------------------
     0 | D:1      | avis the Demigod Ice Elementalist began the quest for the
                  | Orb.
     0 | D:1      | Reached XP level 1. HP: 14/14 MP: 5/5
   251 | D:1      | Reached skill level 1 in Fighting
   427 | D:1      | Reached XP level 2. HP: 23/23 MP: 2/7
  1298 | D:2      | You fall into a shaft and drop 1 floor!
  1657 | D:2      | Reached XP level 3. HP: 29/29 MP: 4/8
  1695 | D:2      | Learned a level 3 spell: Ozocubu's Armour
  1803 | D:2      | Reached skill level 4 in Ice Magic
  2565 | D:2      | Reached XP level 4. HP: 18/38 MP: 4/9
  3479 | D:3      | Noticed Grinder
  3488 | D:2      | Slain by Grinder

Illustrated notes

Levels and vault maps discovered:
D:1:      minmay_arrival_stone_box, layout_rooms, serial_forest,
          infiniplex_forest_clump_curved, infiniplex_forest_lined_1,
          infiniplex_forest_zigzag_1, infiniplex_forest_clump_tiny,
          infiniplex_forest_lined_3_way, st_stairs_3, minmay_circled_x
D:2:      layout_basic, cheibrodos_gnoll_hut
D:3:      layout_rooms, grunt_temple_overflow_open, uniq_grinder

Skill      XL: |  1  2  3 |
---------------+----------+-----
Fighting       | 1 2 3 |  3.0
Spellcasting   | 2 |  2.4
Ice Magic      | 4 |  4.0
Dodging        | |  1.7
Stealth        | |  1.7

Action                   |  1- 3 |  4- 6 || total
-------------------------+-------+-------++-------
Melee: Short sword       |   125 |       ||   125
       Punch             |     4 |       ||     4
       Spear             |    20 |    44 ||    64
 Cast: Freeze            |    60 |     1 ||    61
       Ozocubu's Armour  |     1 |     4 ||     5
  Use: Potion            |     2 |       ||     2
 Stab: Sleeping          |     3 |     1 ||     4
Armor: Robe              |     1 |     8 ||     9
Dodge: Dodged            |    36 |    35 ||    71

Table legend: (Time is in decaauts)
 A = Elapsed time spent in this place.
 B = Non-inter-level travel time spent in this place.
 C = Inter-level travel time spent in this place.
 D = Time resting spent in this place.
 E = Time spent auto-exploring this place.
 F = Levels seen in this place.
 G = Mean time per level.
                   A        B        C        D        E       F      G
               +--------+--------+--------+--------+--------+-----+--------+
         Total |   3508 |   3170 |    338 |   1027 |   1303 |   3 | 1169.3 |
       Dungeon |   3508 |   3170 |    338 |   1027 |   1303 |   3 | 1169.3 |
               +--------+--------+--------+--------+--------+-----+--------+

Top non-repeatable levels by time:
     D:2: 1974 daAuts
     D:1: 1451 daAuts
     D:3: 82 daAuts
